[Event "2026 European Womens Championship"]
[Site "Batumi, GE"]
[Date "2026.05.27"]
[Round "3"]
[White "Kalandadze, Mariam"]
[Black "Ediberidze, Alexandra"]
[Result "1-0"]
[Board "79"]
[TimeControl "5400+30"]
[WhiteFideId "13621122"]
[BlackFideId "13636685"]
[WhiteElo "1892"]
[BlackElo "1638"]
[WhiteClock "0:30:56"]
[BlackClock "0:09:56"]
[Variant "Standard"]

1. Nf3 d5 2. g3 Nf6 3. Bg2 e6 4. c4 Be7 5. O-O O-O 6. d3 Nbd7 7. a3 Nb6 8. Qc2 c5 9. Bd2 Bd7 10. b4 Rc8 11. b5 Qc7 12. a4 e5 13. Ba5 Bf5 14. cxd5 e4 15. Nh4 exd3 16. exd3 Bd7 17. Nd2 Qb8 18. Bxb6 axb6 19. Nc4 Qc7 20. Rfe1 Bd6 21. Re2 Rfe8 22. Rae1 h6 23. Rxe8+ Rxe8 24. Rxe8+ Nxe8 25. Qe2 Nf6 26. Be4 Bg4 27. Qe3 Qd8 28. Bf5 Nxd5 29. Qe4 Nf6 30. Qxb7 Bxf5 31. Nxf5 Bc7 32. Qf3 Nd5 33. Qxd5 Qe8 34. Qc6 Qe1+ 35. Kg2 Bd8 36. Qe4 Qxe4+ 37. dxe4 1-0

[Event "2026 European Womens Championship"]
[Site "Batumi, GE"]
[Date "2026.05.27"]
[Round "3"]
[White "Xing, Lida"]
[Black "Damaso Tacoronte, Carolina"]
[Result "1/2-1/2"]
[Board "80"]
[TimeControl "5400+30"]
[WhiteFideId "13326171"]
[BlackFideId "2292858"]
[WhiteElo "1598"]
[BlackElo "1890"]
[WhiteClock "0:04:11"]
[BlackClock "0:00:15"]
[Variant "Standard"]

1. e4 c6 2. d4 d5 3. e5 Bf5 4. h4 h5 5. Nc3 e6 6. Be2 c5 7. Nf3 Nc6 8. Be3 cxd4 9. Nxd4 Bg6 10. Bb5 Qc7 11. Qe2 Nge7 12. Bg5 a6 13. Bxe7 Bxe7 14. Nxc6 bxc6 15. Bd3 Bxd3 16. cxd3 d4 17. Nd1 Qa5+ 18. Kf1 Qd5 19. b3 Ba3 20. f3 Rb8 21. Nf2 Rb5 22. Qc2 Rc5 23. Qd1 Qxe5 24. Rb1 Rb5 25. Ne4 O-O 26. Nd2 Qf4 27. Nc4 Be7 28. Qe1 Rfb8 29. Qf2 a5 30. g3 Qf6 31. Kg2 a4 32. Qc2 axb3 33. Rxb3 Rxb3 34. axb3 Qf5 35. Re1 Bf6 36. Rc1 Qd5 37. Nd2 Qb5 38. Kh3 Qf5+ 39. Kg2 Qb5 40. Kh3 Qe5 41. Qxc6 Qf5+ 42. Kg2 Qxd3 43. Qc2 Qxc2 44. Rxc2 d3 45. Rc7 Rd8 46. f4 Bd4 47. Kf3 e5 48. fxe5 Bxe5 49. Rc5 Bd4 50. Rc4 f5 51. b4 Ba7 52. Rc6 Bd4 53. Rc4 g6 54. b5 Bb6 55. Rc1 Ba5 56. Rd1 Rb8 57. Nc4 Rxb5 58. Nxa5 Rxa5 59. Rxd3 Ra4 60. Rd7 Re4 61. Rc7 Kf8 62. Rb7 Re7 63. Rb6 Kf7 64. Kf4 Re4+ 65. Kf3 Re6 66. Rb5 Kf6 67. Kf4 Re4+ 68. Kf3 Re5 69. Rb6+ Re6 70. Rb8 Ra6 71. Kf4 Ra4+ 72. Kf3 Re4 73. Rf8+ Kg7 74. Rb8 Rg4 75. Rb7+ Kh6 76. Rf7 Rb4 77. Rc7 Re4 78. Rb7 Re6 79. Kf4 Re1 80. Rc7 Rf1+ 81. Ke3 Rg1 82. Kf4 Re1 83. Rb7 Re4+ 84. Kf3 Rg4 85. Rf7 Rc4 86. Rb7 Ra4 87. Rc7 Rb4 88. Rf7 Rb8 89. Kf4 Rb3 90. Rc7 Rb1 91. Ke5 Rb3 92. Kf6 Rb6+ 93. Ke5 Ra6 94. Rb7 1/2-1/2

[Event "2026 European Womens Championship"]
[Site "Batumi, GE"]
[Date "2026.05.27"]
[Round "3"]
[White "Recica, Jona"]
[Black "Asatiani, Natali"]
[Result "0-1"]
[Board "81"]
[TimeControl "5400+30"]
[WhiteFideId "22105239"]
[BlackFideId "13636715"]
[WhiteElo "1842"]
[BlackElo "1603"]
[WhiteClock "0:26:09"]
[BlackClock "0:07:16"]
[Variant "Standard"]

1. e4 c5 2. Nf3 Nc6 3. d4 cxd4 4. Nxd4 g6 5. Nc3 Bg7 6. Be3 Nf6 7. f3 O-O 8. Qd2 d6 9. O-O-O Nxd4 10. Bxd4 Be6 11. g4 Qa5 12. a3 a6 13. h4 b5 14. Nd5 Qxd2+ 15. Rxd2 Nxd5 16. exd5 Bc8 17. Be3 f5 18. Be2 Bb7 19. Rg1 Rac8 20. Bg5 Rc7 21. Be3 Bc8 22. f4 fxg4 23. Bxg4 Bxg4 24. Rxg4 Rf5 25. Rg1 Rc4 26. Rd3 Bh6 27. b3 Re4 28. Rc3 Rxe3 29. Rxe3 Bxf4 30. Kd2 Rxd5+ 31. Ke2 Bxe3 32. Kxe3 Kf7 33. Rg2 Kf6 34. Ke4 Rf5 35. Rh2 e6 36. Rd2 Ke7 37. Rh2 d5+ 38. Kd4 Kd6 39. b4 Rf3 40. Re2 e5+ 41. Rxe5 Rf4+ 0-1

[Event "2026 European Womens Championship"]
[Site "Batumi, GE"]
[Date "2026.05.27"]
[Round "3"]
[White "Avelino, Camila Biscaya"]
[Black "Casadevall Mainau, Iraida"]
[Result "1-0"]
[Board "82"]
[TimeControl "5400+30"]
[WhiteFideId "1938975"]
[BlackFideId "54543142"]
[WhiteElo "1937"]
[BlackElo "1729"]
[WhiteTitle "WFM"]
[WhiteClock "0:02:01"]
[BlackClock "1:30:30"]
[Variant "Standard"]

1. e4 e5 2. Nf3 Nc6 3. Bb5 a6 4. Ba4 Nf6 5. O-O Be7 6. Re1 b5 7. Bb3 d6 8. c3 O-O 9. h3 Nb8 10. d4 Nbd7 11. c4 exd4 12. cxb5 Bb7 13. bxa6 Bxe4 14. Nxd4 Rxa6 15. Nc3 Nc5 16. Qe2 Re8 17. Bc4 Ra8 18. Nxe4 Nfxe4 19. Bb5 Bf6 20. Bxe8 Bxd4 21. Be3 Bxe3 22. Qxe3 Qxe8 23. b4 Qc6 24. f3 f5 25. bxc5 Nxc5 26. Qg5 Qd5 27. Rad1 Qxa2 28. Re7 Qb2 29. Qxf5 Rf8 30. Qd5+ Kh8 31. Rxc7 Nd3 32. Qxd6 Qf2+ 33. Kh1 Rxf3 34. Rc8+ Rf8 35. Rxf8+ 1-0

[Event "2026 European Womens Championship"]
[Site "Batumi, GE"]
[Date "2026.05.28"]
[Round "4"]
[White "Hnatyshyn, Anastasiia"]
[Black "Narva, Mai"]
[Result "1-0"]
[Board "1"]
[TimeControl "5400+30"]
[WhiteFideId "14198339"]
[BlackFideId "4500512"]
[WhiteElo "2207"]
[BlackElo "2426"]
[WhiteTitle "WFM"]
[BlackTitle "IM"]
[WhiteClock "0:26:39"]
[BlackClock "0:29:37"]
[Variant "Standard"]

1. e4 c6 2. d4 d5 3. Nc3 dxe4 4. Nxe4 Nf6 5. Nxf6+ exf6 6. Be3 Bd6 7. Bd3 O-O 8. Ne2 Re8 9. O-O Qc7 10. h3 Nd7 11. c4 c5 12. Qc2 Nf8 13. Nc3 cxd4 14. Bxd4 Qb8 15. Rad1 Bd7 16. Nd5 Bc6 17. Be4 h6 18. Rfe1 Be5 19. Bc5 Kh8 20. b4 Ne6 21. Be3 Rc8 22. Qe2 Bxd5 23. Bxd5 Qc7 24. Qf3 Rd8 25. Rd3 Rab8 26. Red1 b6 27. g3 Qe7 28. a3 Nc7 29. Be4 Ne6 30. Qh5 Kg8 31. Bd5 Rbc8 32. h4 Kh7 33. Be4+ Kg8 34. Bd5 Kh7 35. Be4+ Kg8 36. Qg4 Rxd3 37. Rxd3 Kf8 38. c5 Qc7 39. f4 bxc5 40. fxe5 c4 41. Rd5 fxe5 42. Bc5+ Kg8 43. Qf5 g6 44. Qxe5 Qxe5 45. Rxe5 c3 46. Bc2 Rd8 47. Re3 1-0

[Event "2026 European Womens Championship"]
[Site "Batumi, GE"]
[Date "2026.05.28"]
[Round "4"]
[White "Aydin, Gulenay"]
[Black "Kiolbasa, Oliwia"]
[Result "1/2-1/2"]
[Board "2"]
[TimeControl "5400+30"]
[WhiteFideId "34557431"]
[BlackFideId "1154613"]
[WhiteElo "2204"]
[BlackElo "2397"]
[WhiteTitle "WIM"]
[BlackTitle "IM"]
[WhiteClock "0:04:43"]
[BlackClock "0:03:38"]
[Variant "Standard"]

1. e4 e5 2. Nf3 Nc6 3. d4 exd4 4. Nxd4 Bc5 5. Nxc6 Qf6 6. Qf3 bxc6 7. Nd2 d6 8. Nb3 Bb6 9. a4 a5 10. Bd2 Be6 11. Bc3 Qxf3 12. gxf3 Nf6 13. Nd4 Bxd4 14. Bxd4 Ke7 15. Rg1 Rhg8 16. O-O-O g6 17. h4 Nh5 18. Be3 f5 19. Be2 Rgf8 20. e5 f4 21. exd6+ cxd6 22. Bd2 c5 23. Rge1 d5 24. Bb5 Kd6 25. Re2 Ng7 26. c4 d4 27. Rde1 Rf6 28. Re4 Nh5 29. Re5 Ra7 30. b3 h6 31. Kd1 Ng7 32. Bc1 Rc7 33. Bd2 Ra7 34. Bc1 Rc7 35. Bd2 1/2-1/2

[Event "2026 European Womens Championship"]
[Site "Batumi, GE"]
[Date "2026.05.28"]
[Round "4"]
[White "Kazarian, Anna-Maja"]
[Black "Mirzoeva, Elmira"]
[Result "0-1"]
[Board "3"]
[TimeControl "5400+30"]
[WhiteFideId "1033689"]
[BlackFideId "4127951"]
[WhiteElo "2317"]
[BlackElo "2265"]
[WhiteTitle "FM"]
[BlackTitle "WGM"]
[WhiteClock "0:00:36"]
[BlackClock "0:01:03"]
[Variant "Standard"]

1. Nf3 Nf6 2. g3 d6 3. d4 Bf5 4. Bg2 c6 5. O-O h6 6. c4 Nbd7 7. Nc3 e5 8. Re1 Be7 9. e4 Bh7 10. h3 O-O 11. g4 Re8 12. Nh2 Qb6 13. d5 cxd5 14. Nxd5 Nxd5 15. Qxd5 Rac8 16. b3 Nc5 17. Be3 Bg5 18. Rad1 Bxe3 19. fxe3 Red8 20. Nf1 a5 21. Ng3 a4 22. Rb1 axb3 23. axb3 Ra8 24. b4 Ne6 25. Qd2 Ra3 26. Ra1 Rb3 27. Ra4 Nf4 28. Bf1 Bg6 29. Kh2 Ne6 30. Nf5 Ng5 31. Bg2 Bxf5 32. gxf5 Qc6 33. Rea1 b6 34. b5 Qc5 35. Ra8 Rf8 36. Rxf8+ Kxf8 37. Ra8+ Ke7 38. Ra7+ Ke8 39. Ra8+ Ke7 40. Ra7+ Ke8 41. h4 Nh7 42. Ra8+ Ke7 43. Ra7+ Ke8 44. Qd1 Ra3 45. Rb7 Nf6 46. Rb8+ Kd7 47. Rb7+ Kc8 48. Rxf7 Qxe3 49. Rxg7 Qf4+ 50. Kg1 Rc3 51. Qe2 Rc1+ 52. Bf1 Nxe4 53. f6 Nd2 54. f7 Nxf1 55. Rg8+ Kc7 0-1

[Event "2026 European Womens Championship"]
[Site "Batumi, GE"]
[Date "2026.05.28"]
[Round "4"]
[White "Salimova, Nurgyul"]
[Black "Poliakova, Varvara"]
[Result "1-0"]
[Board "4"]
[TimeControl "5400+30"]
[WhiteFideId "2915138"]
[BlackFideId "13518313"]
[WhiteElo "2404"]
[BlackElo "2108"]
[WhiteTitle "IM"]
[BlackTitle "WFM"]
[WhiteClock "0:09:47"]
[BlackClock "0:13:03"]
[Variant "Standard"]

1. Nf3 d5 2. c4 d4 3. b4 g5 4. g3 g4 5. Nh4 e5 6. Bg2 Nf6 7. O-O a5 8. b5 Nbd7 9. d3 Nc5 10. Nd2 Be7 11. Ba3 O-O 12. Nb3 Ne6 13. Bxe7 Qxe7 14. Qd2 Nh5 15. Nf5 Qf6 16. Qh6 Qxh6 17. Nxh6+ Kg7 18. Nxg4 a4 19. Nd2 Nef4 20. Nxe5 Nxe2+ 21. Kh1 Re8 22. Rfe1 Rxe5 23. Bf3 Nexg3+ 24. hxg3 Rxe1+ 25. Rxe1 Nf6 26. Re7 c6 27. bxc6 bxc6 28. Bxc6 Rb8 29. Bb5 Bf5 30. Nf3 Bxd3 31. Nxd4 Kf8 32. Re3 Ng4 33. Re1 Nxf2+ 34. Kg2 Ne4 35. Nc6 Rc8 36. Ne5 Nc5 37. Nxd3 Nxd3 38. Rh1 Nb4 39. Bxa4 Nxa2 40. Bb5 Nc3 41. Rxh7 Ke7 42. Rh5 Nxb5 43. cxb5 Rc2+ 44. Kf3 Rc3+ 45. Kf4 Rb3 46. Rc5 Kd6 47. Rc6+ Kd7 48. Rb6 Ke7 49. g4 Rb4+ 50. Kf5 Kf8 51. Rb8+ Kg7 52. b6 Rb5+ 53. Ke4 Rb4+ 54. Kd5 Rxg4 55. Re8 Rb4 56. Kc6 f5 57. b7 Kf6 58. b8=Q Rxb8 59. Rxb8 Ke5 60. Kc5 1-0

[Event "2026 European Womens Championship"]
[Site "Batumi, GE"]
[Date "2026.05.28"]
[Round "4"]
[White "Toncheva, Nadya"]
[Black "Fataliyeva, Ulviyya"]
[Result "1/2-1/2"]
[Board "5"]
[TimeControl "5400+30"]
[WhiteFideId "2924056"]
[BlackFideId "13403052"]
[WhiteElo "2320"]
[BlackElo "2450"]
[WhiteTitle "WGM"]
[BlackTitle "IM"]
[WhiteClock "0:03:43"]
[BlackClock "0:07:25"]
[Variant "Standard"]

1. e4 d6 2. d4 Nf6 3. Nc3 e5 4. Nf3 Nbd7 5. Bc4 Be7 6. O-O O-O 7. Re1 c6 8. a4 h6 9. h3 Re8 10. Be3 exd4 11. Qxd4 Bf8 12. Bf4 Nc5 13. Rad1 Be6 14. b4 Ncd7 15. Bxe6 Rxe6 16. Qc4 Nh5 17. Bh2 Qf6 18. Nd4 Ree8 19. Qe2 g6 20. Qd2 d5 21. g4 Ng7 22. exd5 Bxb4 23. dxc6 bxc6 24. Nd5 Rxe1+ 25. Qxe1 cxd5 26. Qxb4 Rd8 27. Bc7 Re8 28. Qb5 Nf8 29. Qxd5 h5 30. Qf3 Qg5 31. Nb5 hxg4 32. hxg4 f5 33. Bf4 Qxg4+ 34. Qxg4 fxg4 35. Be3 a5 36. Bb6 Nf5 37. Nd6 Re6 38. Bc7 Nxd6 39. Rxd6 Re4 40. Bxa5 Rxa4 41. Bd2 Rc4 42. c3 Kf7 43. Kf1 Ne6 44. Ke2 Nf4+ 45. Ke3 g5 46. Rd4 Rc6 47. c4 Kf6 48. Bb4 Kf5 49. Bd6 Rb6 50. Rd2 Ng2+ 51. Ke2 Nf4+ 52. Kd1 Ra6 53. Kc1 Ke4 54. Be7 Nd3+ 55. Kb1 Rb6+ 56. Ka2 Kd4 57. c5 Re6 58. Bd8 Kc4 59. Rc2+ Kb5 60. Rd2 Nxc5 61. Bxg5 Ne4 62. Rd4 Nxf2 63. Bh4 Re2+ 64. Kb3 Ne4 65. Rd5+ Kc6 66. Rd8 Rh2 67. Be1 Rh1 68. Bb4 g3 69. Rg8 Kd5 70. Kc2 Kc4 71. Bd6 Rh2+ 72. Kc1 Nxd6 73. Rxg3 Nf5 74. Rg8 Nd4 75. Rc8+ Kd3 76. Rd8 Rg2 77. Rd7 Rg5 78. Rd8 Rc5+ 79. Kd1 Rh5 80. Ke1 Rh2 81. Rd7 Ke3 82. Re7+ Kf4 83. Rf7+ Nf5 84. Rf8 Ke4 85. Re8+ Kd3 86. Rd8+ Nd4 87. Rd7 Rh8 88. Kf2 Rf8+ 89. Kg3 Rf6 90. Rd8 Ke3 91. Re8+ Ne6 92. Kg4 Ke4 93. Kg3 Rg6+ 94. Kf2 Kf4 95. Ra8 Rf6 96. Ra4+ Ke5+ 97. Ke3 Nc5 98. Ra5 Kd5 99. Ra8 Re6+ 100. Kf3 Rd6 101. Kf4 Kd4 102. Kf5 Rd5+ 103. Kg4 Ke3 104. Ra3+ Nd3 105. Rc3 Ra5 106. Rb3 Ke4 107. Rb8 Ne5 108. Kg3 Ra3+ 109. Kg2 Ng6 110. Kf2 Rf3+ 111. Ke1 Rh3 112. Rb4+ Ke5 1/2-1/2

[Event "2026 European Womens Championship"]
[Site "Batumi, GE"]
[Date "2026.05.28"]
[Round "4"]
[White "Zimina, Olga"]
[Black "Wagner, Dinara"]
[Result "1/2-1/2"]
[Board "6"]
[TimeControl "5400+30"]
[WhiteFideId "4132190"]
[BlackFideId "24157570"]
[WhiteElo "2290"]
[BlackElo "2408"]
[WhiteTitle "IM"]
[BlackTitle "IM"]
[WhiteClock "0:08:18"]
[BlackClock "0:02:30"]
[Variant "Standard"]

1. Nf3 d5 2. d4 Nf6 3. g3 e6 4. Bg2 Be7 5. O-O O-O 6. c4 dxc4 7. Qc2 a6 8. a4 b6 9. Nbd2 Bb7 10. Nxc4 Be4 11. Qb3 Nc6 12. Be3 Nb4 13. Rac1 b5 14. Nce5 Bd5 15. Qd1 c6 16. Ne1 Qb6 17. N1d3 Nxd3 18. Qxd3 Rfc8 19. a5 Qb7 20. f3 Nd7 21. Nxd7 Qxd7 22. Bf2 Bb4 23. b3 c5 24. dxc5 Qe7 25. f4 Bxg2 26. Kxg2 Bxc5 27. Qc3 Qb7+ 28. Qf3 Qxf3+ 29. Kxf3 Bxf2 30. Kxf2 Kf8 31. Ke3 1/2-1/2

[Event "2026 European Womens Championship"]
[Site "Batumi, GE"]
[Date "2026.05.28"]
[Round "4"]
[White "Safarli, Josefine"]
[Black "Roebers, Eline"]
[Result "1/2-1/2"]
[Board "7"]
[TimeControl "5400+30"]
[WhiteFideId "12900460"]
[BlackFideId "1058401"]
[WhiteElo "2253"]
[BlackElo "2389"]
[WhiteTitle "WGM"]
[BlackTitle "IM"]
[WhiteClock "0:25:52"]
[BlackClock "0:20:37"]
[Variant "Standard"]

1. e4 e6 2. d4 d5 3. Nc3 Nf6 4. e5 Nfd7 5. f4 c5 6. Nf3 Nc6 7. Be3 Qb6 8. Na4 Qa5+ 9. c3 b6 10. Be2 Ba6 11. Bxa6 Qxa6 12. Kf2 Be7 13. Rf1 O-O 14. b3 Rac8 15. Kg1 cxd4 16. Nxd4 b5 17. Nb2 Nc5 18. a4 Nxd4 19. Bxd4 Ne4 20. Qd3 Bc5 21. axb5 Bxd4+ 22. cxd4 Qb7 23. Na4 Rb8 24. Nc5 Qxb5 25. Qxb5 Rxb5 26. Nxe4 dxe4 27. Rxa7 Rxb3 28. Re1 e3 29. g3 Rd8 30. Ra2 Rd3 31. Rae2 R8xd4 32. Rxe3 Rxe3 33. Rxe3 Rd2 1/2-1/2

[Event "2026 European Womens Championship"]
[Site "Batumi, GE"]
[Date "2026.05.28"]
[Round "4"]
[White "Mammadzada, Gunay"]
[Black "Antova, Gabriela"]
[Result "1-0"]
[Board "8"]
[TimeControl "5400+30"]
[WhiteFideId "13403729"]
[BlackFideId "2915235"]
[WhiteElo "2374"]
[BlackElo "2203"]
[WhiteTitle "IM"]
[BlackTitle "WGM"]
[WhiteClock "0:07:59"]
[BlackClock "0:27:22"]
[Variant "Standard"]

1. e4 e5 2. Nf3 Nc6 3. Bb5 a6 4. Ba4 Nge7 5. c3 f6 6. d4 d5 7. dxe5 dxe4 8. Nd4 b5 9. exf6 Nxd4 10. fxe7 Bxe7 11. cxd4 bxa4 12. Qxa4+ Bd7 13. Qc4 Bb5 14. Qe6 Qxd4 15. Bg5 Qd6 16. Qxe7+ Qxe7 17. Bxe7 Kxe7 18. Nc3 Rad8 19. Nxe4 Bc6 20. Nc3 Bxg2 21. Rg1 Bh3 22. Rxg7+ Kf6 23. Rg3 Rhe8+ 24. Ne2 Bf5 25. Rc1 Bd3 26. Rc6+ Kf5 27. Rc5+ Kf6 28. Rf3+ Ke6 29. b4 Bb5 30. Re3+ Kd6 31. Nd4 Rxe3+ 32. fxe3 Rg8 33. Kf2 Bd3 34. Nf5+ Ke6 35. Ng3 Kd6 36. e4 Bb5 37. Ke3 Rf8 38. Nf5+ Kd7 39. Ng3 c6 40. Rh5 a5 41. Rxh7+ Ke6 42. Rh6+ Kd7 43. a3 axb4 44. axb4 Ra8 45. e5 Bc4 46. Ne4 Ra1 47. Kd4 1-0

[Event "2026 European Womens Championship"]
[Site "Batumi, GE"]
[Date "2026.05.28"]
[Round "4"]
[White "Charkhalashvili, Inga"]
[Black "Bivol, Alina"]
[Result "1/2-1/2"]
[Board "9"]
[TimeControl "5400+30"]
[WhiteFideId "13601431"]
[BlackFideId "4100123"]
[WhiteElo "2235"]
[BlackElo "2361"]
[WhiteTitle "WGM"]
[BlackTitle "IM"]
[WhiteClock "0:05:09"]
[BlackClock "0:08:41"]
[Variant "Standard"]

1. d4 Nf6 2. Nf3 e6 3. g3 d5 4. Bg2 Be7 5. c4 O-O 6. O-O a5 7. Nc3 c6 8. b3 a4 9. cxd5 axb3 10. dxc6 bxa2 11. cxb7 Bxb7 12. Rxa2 Rxa2 13. Nxa2 Qa5 14. Qd2 Qb6 15. Qb2 Qa7 16. Nb4 Nbd7 17. Bf4 Ra8 18. Nd3 h6 19. Nfe5 Bxg2 20. Kxg2 Ba3 21. Qc3 Nxe5 22. Nxe5 Bf8 23. Qc6 Rd8 24. Nf3 Nd5 25. Bd2 Ne7 26. Qc4 Qb7 27. Ba5 Ra8 28. Bd2 Nf5 29. Rc1 Rd8 30. Kg1 Be7 31. Qd3 Bf6 32. Ba5 Rd7 33. Rb1 Qc8 34. Bb6 Nd6 35. Bc5 g6 36. Bxd6 Rxd6 37. Qe4 Rd5 38. Qf4 Kg7 39. e4 Ra5 40. Rc1 Qa6 41. Kg2 Ra2 42. e5 Bd8 43. Re1 Qb7 44. Qe4 Qb2 45. Rf1 Ba5 46. h4 h5 47. Ng5 Bd8 48. Nf3 Be7 49. Qb1 Qa3 50. Qb7 Re2 51. d5 exd5 52. Qxd5 Qc5 53. Qd3 Ra2 54. Qd7 Re2 55. Qd3 Rb2 56. Qd4 Qxd4 57. Nxd4 Bc5 58. Rd1 Kf8 59. Kf3 Ra2 60. Rd3 Bxd4 61. Rxd4 Ke7 62. Ke4 1/2-1/2

[Event "2026 European Womens Championship"]
[Site "Batumi, GE"]
[Date "2026.05.28"]
[Round "4"]
[White "Socko, Monika"]
[Black "Zherebtsova, Alexandra"]
[Result "1/2-1/2"]
[Board "10"]
[TimeControl "5400+30"]
[WhiteFideId "1106619"]
[BlackFideId "24129518"]
[WhiteElo "2355"]
[BlackElo "2242"]
[WhiteTitle "GM"]
[BlackTitle "FM"]
[WhiteClock "0:17:33"]
[BlackClock "0:01:34"]
[Variant "Standard"]

1. d4 Nf6 2. Bg5 d5 3. Nd2 c5 4. Bxf6 exf6 5. dxc5 Bxc5 6. Nb3 Bb6 7. e3 Nc6 8. Ne2 O-O 9. c3 Re8 10. Ned4 Ne5 11. Be2 a6 12. Qc2 Bd7 13. Rd1 Ba4 14. h4 Qe7 15. Nf5 Qe6 16. h5 g6 17. Nfd4 Qe7 18. Rh3 Rad8 19. Kf1 Bd7 20. Rh4 f5 21. g3 g5 22. Rh1 Qf6 23. Qc1 h6 24. Nc2 Ng4 25. Nbd4 Kh8 26. Nb4 Bc8 27. Bf3 Qe5 28. Nd3 Qd6 29. Bxg4 fxg4 30. Kg2 Bxd4 31. exd4 Bf5 32. Rhe1 Be4+ 33. Kg1 b6 34. Re3 f6 35. Rde1 Qd7 36. c4 Rc8 37. Qd1 Rxc4 38. b3 Rcc8 39. Qe2 Qf7 40. Qxg4 Bxd3 41. Rxe8+ Rxe8 42. Rxe8+ Qxe8 43. Qf3 Be4 44. Qxf6+ Kh7 45. g4 b5 46. b4 Qh8 47. Qxh8+ Kxh8 48. Kh2 Kg7 49. Kg3 Kf6 50. f3 Bh7 51. Kh3 Bg8 52. Kg2 Bf7 53. Kh3 Be8 54. Kg2 Bf7 1/2-1/2

[Event "2026 European Womens Championship"]
[Site "Batumi, GE"]
[Date "2026.05.28"]
[Round "4"]
[White "Rodshtein, Tereza"]
[Black "Rakhmangulova, Anastasiya"]
[Result "1/2-1/2"]
[Board "11"]
[TimeControl "5400+30"]
[WhiteFideId "325449"]
[BlackFideId "14117479"]
[WhiteElo "2218"]
[BlackElo "2328"]
[WhiteTitle "WGM"]
[BlackTitle "WGM"]
[WhiteClock "0:14:11"]
[BlackClock "0:28:40"]
[Variant "Standard"]

1. e4 c5 2. Nf3 e6 3. d4 cxd4 4. Nxd4 Nc6 5. Nc3 Qc7 6. Be3 a6 7. Be2 Nf6 8. O-O Be7 9. f4 d6 10. Qe1 Bd7 11. Rd1 b5 12. a3 Nxd4 13. Bxd4 Bc6 14. Bf3 O-O 15. Qg3 Rad8 16. Kh1 a5 17. Rfe1 Ne8 18. e5 dxe5 19. Bxe5 Qb7 20. Rxd8 Bxd8 21. Ne4 Be7 22. Bd4 Qc7 23. c3 a4 24. Bd1 Bd5 25. Bc2 h6 26. Nf2 f5 27. Bd1 Bd6 28. Nd3 Nf6 29. Bf3 Ne4 30. Bxe4 Bxe4 31. Ne5 Bxe5 32. Bxe5 Qd7 1/2-1/2

[Event "2026 European Womens Championship"]
[Site "Batumi, GE"]
[Date "2026.05.28"]
[Round "4"]
[White "Javakhishvili, Lela"]
[Black "Schneider, Jana"]
[Result "1/2-1/2"]
[Board "12"]
[TimeControl "5400+30"]
[WhiteFideId "13601458"]
[BlackFideId "12924997"]
[WhiteElo "2442"]
[BlackElo "2283"]
[WhiteTitle "IM"]
[BlackTitle "WGM"]
[WhiteClock "0:10:13"]
[BlackClock "0:16:04"]
[Variant "Standard"]

1. d4 d5 2. c4 e6 3. Nc3 Nf6 4. Bg5 Be7 5. e3 h6 6. Bh4 O-O 7. Qc2 b6 8. Nf3 c5 9. dxc5 bxc5 10. Rd1 Nbd7 11. cxd5 exd5 12. Bb5 Bb7 13. Qf5 Nb6 14. Ne5 Qc8 15. Qxc8 Raxc8 16. O-O g5 17. Bg3 Rfd8 18. Be2 d4 19. exd4 cxd4 20. Nb5 Rc2 21. Bd3 Rxb2 22. Nxa7 Rxa2 23. Nac6 Re8 24. Rb1 Bxc6 25. Nxc6 Nbd5 26. Nxd4 Rd2 27. Rbd1 Rxd1 28. Rxd1 Nh5 29. Re1 Rc8 30. Nf5 Bf8 31. Rd1 1/2-1/2

[Event "2026 European Womens Championship"]
[Site "Batumi, GE"]
[Date "2026.05.28"]
[Round "4"]
[White "Ushenina, Anna"]
[Black "Purtseladze, Maka"]
[Result "1-0"]
[Board "13"]
[TimeControl "5400+30"]
[WhiteFideId "14110911"]
[BlackFideId "13602659"]
[WhiteElo "2420"]
[BlackElo "2237"]
[WhiteTitle "GM"]
[BlackTitle "IM"]
[WhiteClock "0:30:39"]
[BlackClock "0:31:55"]
[Variant "Standard"]

1. d4 d5 2. c4 e6 3. Nf3 Nf6 4. g3 Ne4 5. Bg2 Bb4+ 6. Nbd2 Nc6 7. O-O O-O 8. Qc2 Nxd2 9. Bxd2 Bxd2 10. Qxd2 dxc4 11. Rfc1 e5 12. d5 e4 13. Ng5 f5 14. Rxc4 Ne5 15. Rd4 h6 16. Nh3 Qd6 17. f3 exf3 18. exf3 Bd7 19. Rc1 Kh7 20. Nf2 a5 21. f4 Nf7 22. Qc3 b5 23. Rd2 Rfe8 24. Rdc2 Ra7 25. Nd3 Qb6+ 26. Qc5 Re3 27. Bf1 Nd6 28. Qxb6 cxb6 29. Ne5 Re4 30. Bg2 Rd4 31. Kf2 Be8 32. Ke3 Rb4 33. Kd3 Nc4 34. b3 Nd6 35. Rc7 Ra8 36. Re7 a4 37. Kc3 Rc8+ 38. Nc6 Re4 39. Bxe4 Nxe4+ 40. Kd4 axb3 41. axb3 Nc5 42. Rxc5 bxc5+ 43. Kxc5 Bh5 44. d6 Bf3 45. Rc7 1-0

[Event "2026 European Womens Championship"]
[Site "Batumi, GE"]
[Date "2026.05.28"]
[Round "4"]
[White "Arabidze, Meri"]
[Black "Skarbarchuk, Tetyana"]
[Result "1-0"]
[Board "14"]
[TimeControl "5400+30"]
[WhiteFideId "13604040"]
[BlackFideId "14184494"]
[WhiteElo "2409"]
[BlackElo "2236"]
[WhiteTitle "IM"]
[WhiteClock "0:13:29"]
[BlackClock "0:02:55"]
[Variant "Standard"]

1. g3 d5 2. Nf3 Nf6 3. Bg2 c5 4. O-O h6 5. d3 Nc6 6. Nbd2 e5 7. e4 d4 8. Nc4 Qc7 9. a4 Be6 10. b3 Be7 11. Nh4 g6 12. f4 O-O-O 13. fxe5 Nd7 14. Nd6+ Bxd6 15. exd6 Qxd6 16. Nf3 Nde5 17. Nxe5 Nxe5 18. Bf4 Rdg8 19. Rf2 g5 20. Bxe5 Qxe5 21. Qh5 f5 22. exf5 g4 23. Raf1 Kb8 24. Qh4 Bf7 25. Rf4 Qe3+ 26. Kh1 Qe2 27. Qf6 Rh7 28. Re4 Qxc2 29. Re7 Qxb3 30. Qd6+ Ka8 31. Rxb7 1-0

[Event "2026 European Womens Championship"]
[Site "Batumi, GE"]
[Date "2026.05.28"]
[Round "4"]
[White "Danielian, Elina"]
[Black "Kubicka, Anna"]
[Result "1-0"]
[Board "15"]
[TimeControl "5400+30"]
[WhiteFideId "13300210"]
[BlackFideId "1152254"]
[WhiteElo "2390"]
[BlackElo "2226"]
[WhiteTitle "GM"]
[BlackTitle "WIM"]
[WhiteClock "0:03:22"]
[BlackClock "0:00:37"]
[Variant "Standard"]

1. d4 Nf6 2. c4 g6 3. Nc3 Bg7 4. Nf3 O-O 5. Bg5 d6 6. e3 h6 7. Bh4 c5 8. d5 a6 9. a4 e6 10. Nd2 exd5 11. cxd5 Nbd7 12. Be2 Qe7 13. O-O Ne5 14. Qc2 g5 15. Bg3 Ne8 16. Kh1 f5 17. f4 Ng4 18. Bxg4 gxf4 19. Rxf4 fxg4 20. Rxf8+ Bxf8 21. Qg6+ Ng7 22. Rf1 Qe8 23. Qxh6 Bf5 24. e4 Qg6 25. Qe3 Bd7 26. Nc4 b5 27. Nb6 Ra7 28. Qf2 Be7 29. Bh4 g3 30. hxg3 Qe8 31. e5 dxe5 32. d6 Bxh4 33. gxh4 Bc6 34. d7 Bxd7 35. Ne4 Nh5 36. Nd5 Kg7 37. Ndf6 Nxf6 38. Qxf6+ Kh7 39. Qb6 Qa8 40. Rf7+ 1-0

[Event "2026 European Womens Championship"]
[Site "Batumi, GE"]
[Date "2026.05.28"]
[Round "4"]
[White "Velikic, Adela"]
[Black "Maltsevskaya, Aleksandra"]
[Result "1/2-1/2"]
[Board "16"]
[TimeControl "5400+30"]
[WhiteFideId "913553"]
[BlackFideId "24174041"]
[WhiteElo "2277"]
[BlackElo "2390"]
[WhiteTitle "WIM"]
[BlackTitle "IM"]
[WhiteClock "0:00:39"]
[BlackClock "0:03:10"]
[Variant "Standard"]

1. d4 Nf6 2. c4 e6 3. Nf3 d5 4. Nc3 Bb4 5. Bg5 h6 6. Bxf6 Qxf6 7. Qb3 Nc6 8. e3 dxc4 9. Bxc4 O-O 10. O-O Bd6 11. Bb5 e5 12. Bxc6 bxc6 13. dxe5 Bxe5 14. Nxe5 Qxe5 15. Rfd1 Be6 16. Qa4 Rab8 17. Rd2 c5 18. Qe4 Qg5 19. Qc6 Rbd8 20. Rad1 Rxd2 21. Rxd2 Rd8 22. Rxd8+ Qxd8 23. h3 c4 24. Qf3 Qd2 25. Qe2 Qc1+ 26. Kh2 c6 27. f3 a5 28. a3 Bf5 29. e4 Be6 30. Qf2 Qf4+ 31. Kh1 f5 32. Qb6 Qc1+ 33. Kh2 Qf4+ 34. Kg1 Qc1+ 35. Kh2 Qf4+ 36. Kg1 Qc1+ 37. Kh2 1/2-1/2